cohdb
Replays
Latest Replays
All Replays
Popular Replays
Top Player Replays
Match Explorer
How It Works
Community
CoH3 Stats
Reddit
Sign in to upload your games and track your stats! →
Sign in with Steam
Match 45435839
Unlisted
Match 45435839
Overview
Messages
Build Orders
End
Kettenkrad Recon Vehicle
Construct Infanterie Kompanie
Selects Breakthrough Battlegroup
Selects Assault Grenadiers
Grenadier Squad
Grenadier Squad
Grenadier Squad
Construct Luftwaffe Kompanie
Selects Rapid Production
221 Scout Car
Flak 30 Anti-aircraft Gun Team
MG 42 Machine Gun Team
Support Elements
Wirbelwind Flakpanzer
Pioneer Squad
Medical Station
Jäger Squad
Selects Blitzkrieg
Construct Panzer Kompanie
Stoßtruppen Squad
Panzer IV Medium Tank
[COHBR/RJ]Roney
severedhand
0
0
Comments
sign in to comment!
No comments posted yet!